 Dungeon Crawl Stone Soup version 0.28.0-43-g3370ac3207 (webtiles) character file.

Game seed: 15035785957012706931

2567 Woods the Chiller (level 9, -3/54 HPs)
             Began as a Gargoyle Ice Elementalist on Mar 16, 2022.
             Killed by divine providence
             ... invoked by an orc priest
              (10 damage)
             ... on level 6 of the Dungeon.
             The game lasted 00:12:58 (7254 turns).

Woods the Chiller (Gargoyle Ice Elementalist)       Turns: 7254, Time: 00:12:59

Health: -3/54      AC: 10    Str: 12    XL:     9   Next: 57%
Magic:  16/19      EV: 13    Int: 24    God:
Gold:   312        SH:  0    Dex: 10    Spells: 7/22 levels left

rFire   . . .      SeeInvis .   i - +1 short sword (elec)
rCold   + . .      Faith    .   (no shield)
rNeg    + . .      Spirit   .   a - +0 robe
rPois   ∞          Reflect  .   (no helmet)
rElec   +          Harm     .   (no cloak)
rCorr   +          Rampage  .   c - +0 pair of gloves
Will    .....                   k - +0 pair of boots
Stlth   ++........              (no amulet)
HPRegen 0.18/turn               q - ring "Fegrav Nine" {Fly rElec rCorr Int+4}
MPRegen 0.16/turn               j - ring of protection from cold

@: flying
A: sickness immunity, AC +6, negative energy resistance 1, electricity
resistance, torment resistance 1, petrification resistance
a: no special abilities


You were on level 6 of the Dungeon.
You visited 2 branches of the dungeon, and saw 8 of its levels.

You collected 312 gold pieces.

Inventory:

Hand Weapons
 i - a +1 short sword of electrocution (weapon)
Armour
 a - a +0 robe (worn)
 c - a +0 pair of gloves (worn)
 k - a +0 pair of boots (worn)
Jewellery
 j - a ring of protection from cold (right hand)
 q - the ring "Fegrav Nine" (left hand) {Fly rElec rCorr Int+4}
   (You took it off Edmund on level 4 of the Dungeon)

   [ring of resist corrosion]

   Int:       It affects your intelligence (+4).
   rElec:     It insulates you from electricity.
   Fly:       It grants you flight.
   rCorr:     It protects you from acid and corrosion.
 w - an amulet of guardian spirit
Wands
 n - a wand of paralysis (10)
 t - a wand of acid (21)
Scrolls
 m - a scroll of fog
 o - a scroll of immolation {unknown}
 p - 3 scrolls of fear {unknown}
 s - a scroll of blinking {unknown}
 u - a scroll of enchant armour {unknown}
 v - a scroll of amnesia {unknown}
 x - 2 scrolls of holy word {unknown}
 y - a scroll of vulnerability {unknown}
 z - a scroll of enchant weapon {unknown}
 A - a scroll of identify
Potions
 b - a potion of degeneration {unknown}
 d - 6 potions of curing
 e - a potion of brilliance {unknown}
 f - a potion of ambrosia {unknown}
 g - a potion of lignification {unknown}
 h - a potion of haste {unknown}
 l - 2 potions of heal wounds
 r - a potion of invisibility {unknown}


   Skills:
 - Level 5.0 Fighting
 - Level 5.0 Dodging
 - Level 2.4 Stealth
 + Level 7.0 Spellcasting
 + Level 3.3 Summonings
 + Level 7.2 Ice Magic


You had 7 spell levels left.
You knew the following spells:

 Your Spells              Type           Power      Damage    Failure   Level
a - Freeze                Ice            100%       1d11      1%          1
b - Frozen Ramparts       Ice            86%        1d10      1%          3
c - Ozocubu's Armour      Ice            43%        N/A       1%          3
d - Hailstorm             Conj/Ice       25%        3d7       16%         4
e - Summon Ice Beast      Ice/Summ       33%        N/A       9%          4

Your spell library contained the following spells:

 Spells                   Type           Power      Damage    Failure   Level
 Summon Small Mammal      Summ           96%        N/A       1%          1
 Animate Skeleton         Necr           16%        N/A       7%          1
 Apportation              Tloc           16%        N/A       7%          1
 Animate Dead             Necr           4%         N/A       56%         4
 Summon Mana Viper        Hex/Summ       16%        N/A       71%         5
 Borgnjor's Vile Clutch   Necr/Erth      4%         N/A       89%         5
 Death Channel            Necr           4%         N/A       100%        6
 Monstrous Menagerie      Summ           12%        N/A       100%        7


Dungeon Overview and Level Annotations

Branches:
Dungeon (7/15)             Temple (1/1) D:5

Altars:
Ashenzari
Dithmenos
Elyvilon
Fedhas
Gozag
Hepliaklqana
Kikubaaqudgha
Makhleb
Nemelex Xobeh
Okawaru
Qazlal
Sif Muna
Uskayaw
Vehumet
Wu Jian
Xom
Zin

Annotations:
D:7 Dowan


Innate Abilities, Weirdness & Mutations

You are immune to sickness and miasma.
Your stone body is resilient. (AC +6)
You are immune to poison.
You resist negative energy. (rN+)
You are resistant to electric shocks. (rElec)
You are resistant to unholy torment.
You are immune to petrification.


Message History

Confirm with . or Enter, or press ? or * to list all spells.
Casting: Frozen Ramparts (safe; 1% risk of failure)
Press: ? - help, Dir - look around, f - activate The walls around you are covered in ice.
The wall freezes the orc warrior.
The wall freezes the orc warrior!
You hit the orc warrior but do no damage.
Lightning courses through the orc warrior!
The orc warrior is severely wounded.
The wall freezes the orc warrior!
You kill the orc warrior!
Your Spellcasting skill increases to level 7!
The frozen ramparts melt away as you move.
Things that are here:
a +0 hand axe; a +0 plate armour; a scorpion corpse An orc priest is nearby!
An orc priest comes into view. It is wielding a +0 mace.
Found a stone staircase leading down.
The orc priest shouts! x2
A necrophage comes into view.
The orc priest mumbles some strange prayers to Beogh against you.
Beogh smites you!
The orc priest invokes the aid of Beogh against you.
Beogh smites you!
Casting: Frozen Ramparts (safe; 1% risk of failure)
Confirm with . or Enter, or press ? or * to list all spells.
Casting: Frozen Ramparts (safe; 1% risk of failure)
Press: ? - help, Dir - look around, f - activate The walls around you are covered in ice.
The orc priest calls down the wrath of Beogh upon you.
Beogh smites you!
* * * LOW HITPOINT WARNING * * *
The orc priest invokes the aid of Beogh against you.
Pain shoots through your body!
* * * LOW HITPOINT WARNING * * *
Your frozen ramparts will break if you move.
Continue?
The frozen ramparts melt away as you move.
The orc priest calls down the wrath of Beogh upon you.
Beogh smites you!
You die...

#########.....#?..†#####.##....
##.#..##...###.....#.##
##.#...............#..#
#o...#.....#.......##.#
#.#>..#............##.#
###.#.#n#............##.#
####..o#....................
......>......................
.##...#....#@................
...[....##...................
#...##..####.................
#.###.....##.....[....#......
#. #..###>.#.................
#.# ##)..........###....( #.
##..........# #.....
##<........###.....
..................


You could see a necrophage and an orc priest.

Vanquished Creatures
  Pikel (D:4)
  Prince Ribbit (D:6)
  2 wyverns (D:7)
  Edmund (D:4)
  2 ice beasts (D:5)
  An orc warrior (D:6)
  An ogre (D:4)
  4 lemures (D:4)
  2 bullfrogs (D:7)
  5 scorpions
  4 hounds
  A jelly (D:5)
  2 orc priests (D:3)
  A bullfrog skeleton (D:6)
  2 centaur skeletons
  5 iguanas
  3 orc wizards
  A scorpion zombie (D:5)
  A howler monkey zombie (D:7)
  11 adders
  7 gnolls (D:3)
  An ufetubus (D:4)
  An adder skeleton (D:4)
  A worm (D:3)
  A dart slug (D:2)
  19 orcs
  5 endoplasms
  3 giant cockroaches
  6 goblins
  7 hobgoblins
  A quokka (D:2)
  5 ball pythons
  6 bats
  3 frilled lizards
  10 kobolds
  3 rats
130 creatures vanquished.

Notes
Turn   | Place    | Note
-------+----------+-------------------------------------------
     0 | D:1      | Woods the Gargoyle Ice Elementalist began the quest for the
                  | Orb.
     0 | D:1      | Reached XP level 1. HP: 10/10 MP: 3/3
   520 | D:1      | Reached XP level 2. HP: 15/15 MP: 1/5
   783 | D:1      | Found a faded altar of an unknown god.
  1355 | D:2      | Reached XP level 3. HP: 19/19 MP: 4/6
  1655 | D:2      | Found a shimmering altar of Xom.
  2002 | D:2      | Learned a level 3 spell: Frozen Ramparts
  2006 | D:2      | Learned a level 3 spell: Ozocubu's Armour
  2398 | D:2      | Reached XP level 4. HP: 24/24 MP: 3/8
  3199 | D:3      | Reached skill level 5 in Ice Magic
  3469 | D:3      | Found an opulent altar of Gozag.
  3469 | D:3      | Found an ornate altar of the Wu Jian Council.
  3474 | D:3      | Found a hide-covered altar of Uskayaw.
  3476 | D:3      | Found an iron altar of Okawaru.
  3478 | D:3      | Found a broken altar of Ashenzari.
  3478 | D:3      | Found a radiant altar of Vehumet.
  3496 | D:3      | Reached XP level 5. HP: 18/28 MP: 6/10
  3726 | D:3      | Found a shadowy altar of Dithmenos.
  3729 | D:3      | Found a stormy altar of Qazlal.
  4181 | D:3      | Reached XP level 6. HP: 32/32 MP: 6/12
  4506 | D:4      | Noticed Edmund
  4630 | D:4      | Noticed Pikel
  4646 | D:4      | Killed Pikel
  4647 | D:4      | Reached skill level 1 in Fighting
  4647 | D:4      | Reached XP level 7. HP: 37/39 MP: 5/16
  4965 | D:4      | Reached XP level 8. HP: 43/45 MP: 13/17
  5070 | D:4      | Identified the ring "Fegrav Nine" {Fly rElec rCorr Int+4}
  5091 | D:4      | Killed Edmund
  5210 | D:5      | Entered Level 5 of the Dungeon
  5526 | D:5      | Found a staircase to the Ecumenical Temple.
  5585 | Temple   | Entered the Ecumenical Temple
  5966 | D:5      | Reached skill level 5 in Fighting
  6065 | D:5      | Reached skill level 5 in Dodging
  6082 | D:5      | Learned a level 4 spell: Hailstorm
  6087 | D:5      | Learned a level 4 spell: Summon Ice Beast
  6197 | D:5      | Reached skill level 1 in Summonings
  6197 | D:5      | Reached XP level 9. HP: 50/54 MP: 13/18
  6242 | D:5      | You are sucked into a shaft and drop 2 floors!
  6774 | D:7      | Noticed Dowan
  6906 | D:6      | Noticed Prince Ribbit
  6943 | D:6      | Killed Prince Ribbit
  7254 | D:6      | Killed from afar by an orc priest

Illustrated notes

Levels and vault maps discovered:
D:1:      scummos_arrival_forest, layout_basic,
          hellmonk_ecumenical_altar_crossroads
D:2:      layout_basic, basic_altar, roderic_serpentine_path,
          minmay_misc_feat_iff
D:3:      layout_basic, nicolae_overflow_hallway_of_the_gods
D:4:      layout_basic, uniq_pikel, uniq_edmund
D:5:      layout_cave_pools, minmay_temple_entry_ruins
D:6:      layout_rooms, slow_altar_1, uniq_prince_ribbit1, uniq_menkaure
D:7:      layout_rooms, nicolae_tso_besieged_by_evil, lemuel_flamethrower_2,
          uniq_duvessa
Temple:   jpeg_temple_island

Skill      XL: |  1  2  3  4  5  6  7  8  9 |
---------------+----------------------------+-----
Spellcasting   | 3 4 6 7 |  7.0
Ice Magic      | 5 6 7 |  7.2
Fighting       | 1 2 5 |  5.0
Dodging        | 2 5 |  5.0
Summonings     | 1 3 |  3.3
Stealth        | |  2.4

Action                   |  1- 3 |  4- 6 |  7- 9 || total
-------------------------+-------+-------+-------++-------
Melee: Unarmed           |     3 |       |       ||     3
       Short sword       |    25 |    33 |   132 ||   190
       Punch             |       |     1 |     2 ||     3
 Cast: Freeze            |    49 |    31 |       ||    80
       Frozen Ramparts   |       |    13 |    40 ||    53
       Ozocubu's Armour  |       |     2 |    10 ||    12
  Use: Scroll            |       |       |     6 ||     6
 Stab: Sleeping          |     3 |       |       ||     3
Armor: Robe              |    30 |    29 |    69 ||   128
Dodge: Dodged            |    45 |    51 |   106 ||   202
